 Dungeon Crawl Stone Soup version 0.23.2-1-ga50397a (webtiles) character file.

Game seed: 12581210634658490479

406 redwoodhats the Shield-Bearer (level 6, -1/33 HPs)
             Began as a Vine Stalker Fighter on May 16, 2019.
             Was an Initiate of Makhleb.
             Killed by divine providence
             ... invoked by an orc priest
              (10 damage)
             ... on level 4 of the Dungeon.
             The game lasted 00:13:35 (3120 turns).

redwoodhats the Shield-Bearer (VSFi)                Turns: 3120, Time: 00:13:36

Health: -1/33      AC:  5    Str: 20    XL:     6   Next: 87%
Magic:  0/7        EV: 10    Int:  8    God:    Makhleb [......]
Gold:   126        SH:  9    Dex: 14    Spells: 5/5 levels left

rFire    . . .     SeeInvis .   o - +1 dagger (venom)
rCold    . . .     Gourm    .   c - +0 shield
rNeg     . . .     Faith    .   l - +2 animal skin
rPois    .         Spirit   +   m - +0 helmet
rElec    .         Reflect  .   (no cloak)
rCorr    .         Harm     .   (no gloves)
MR       .....                  (no boots)
Stlth    ++........             (no amulet)
HPRegen  0.51/turn              (no ring)
MPRegen  0.10/turn              (no ring)

@: no status effects
A: fangs 2, regeneration 1, magic shield, antimagic bite, no potion heal 3, rot
immunity
a: Renounce Religion


You were on level 4 of the Dungeon.
You worshipped Makhleb.
Makhleb was noncommittal.
You were not hungry.

You visited 1 branch of the dungeon, and saw 4 of its levels.

You collected 126 gold pieces.

Inventory:

Hand Weapons
 a - a +0 long sword
 e - a +0 short sword of speed
 o - a +1 dagger of venom (weapon)
 q - a cursed +0 quarterstaff
Armour
 b - a +0 scale mail
 c - a +0 shield (worn)
 l - a +2 animal skin (worn)
 m - a +0 helmet (worn)
Jewellery
 g - a cursed ring of attention
Wands
 j - a wand of paralysis (5)
Scrolls
 k - a scroll of magic mapping
 n - a scroll of random uselessness {unknown}
 p - 5 scrolls of identify
Potions
 d - a potion of might
 h - 2 potions of flight
 i - a potion of agility
 r - a potion of lignification {unknown}
Comestibles
 f - 8 rations


   Skills:
 + Level 3.7 Fighting
 + Level 2.1(2.6) Short Blades
 + Level 2.1(2.6) Long Blades
 + Level 3.6 Armour
 + Level 2.0 Dodging
 + Level 0.6 Stealth
 + Level 3.9 Shields


You had 5 spell levels left.
You didn't know any spells.
Your spell library was empty.

Dungeon Overview and Level Annotations

Branches:
Dungeon (4/15)
 Temple: D:4-7

Altars:
Cheibriados
Makhleb
Sif Muna
Uskayaw
Yredelemnul


Innate Abilities, Weirdness & Mutations

You have extremely sharp teeth.
Your natural rate of healing is unusually fast.
When hurt, damage is shared between your health and your magic reserves.
Your bite disrupts and absorbs the magic of your enemies.
Potions cannot restore your health.
You are immune to rotting.


Message History

You closely miss the orc. You bite the orc, but do no damage.
The orc is severely wounded.
You block the orc's attack.
The orc priest mumbles some strange prayers to Beogh against you.
Beogh smites you!
* * * LOW HITPOINT WARNING * * *
You hit the orc but do no damage.
The orc is poisoned.
You bite the orc, but do no damage.
The orc is severely wounded.
The orc hits you but does no damage.
The orc priest miscasts a cantrip.
You hit the orc.
You kill the orc!
Makhleb accepts your kill. The orc priest barely misses you.
You eat one of the 9 rations.
That ration really hit the spot!
The orc priest closely misses you.
The orc priest calls down the wrath of Beogh upon you.
Beogh smites you!
You die...

......######
...........#.......#
#####+####.#.......#
#.#.......# #.#
..?...# #.# .....
#[# (.. #.# #o# #.#
#@## #.# #..# #.#
##.## #.# #..# #.#
##.# #.# #.# #.#
#.##
#####'#######..#.#
#................#


You could see an orc priest.

Vanquished Creatures
  An orc priest (D:3)
  2 orc wizards
  Jessica (D:2)
  Natasha (thrice) (D:2)
  2 worker ants (D:4)
  Robin (D:2)
  4 gnolls
  2 adders
  2 worms (D:3)
  5 leopard geckos
  11 orcs
  6 giant cockroaches
  2 gnoll zombies (D:3)
  11 goblins
  7 hobgoblins
  7 jackals
  10 kobolds
  6 bats
  5 frilled lizards
  6 rats
94 creatures vanquished.

Notes
Turn   | Place    | Note
-------+----------+-------------------------------------------
     0 | D:1      | redwoodhats the Vine Stalker Fighter began the quest for
                  | the Orb.
     0 | D:1      | Reached XP level 1. HP: 11/11 MP: 2/2
   189 | D:1      | Reached XP level 2. HP: 9/16 MP: 3/3
   589 | D:1      | Reached XP level 3. HP: 20/20 MP: 4/4
  1307 | D:2      | Noticed Robin
  1317 | D:2      | Gained mutation: Your natural rate of healing is unusually
                  | fast. [Vine Stalker growth]
  1317 | D:2      | Reached XP level 4. HP: 20/24 MP: 5/5
  1340 | D:2      | Killed Robin
  1392 | D:2      | Noticed Natasha
  1393 | D:2      | Noticed Jessica
  1407 | D:2      | Killed Natasha
  1407 | D:2      | Reached skill level 1 in Dodging
  1431 | D:2      | Killed Jessica
  1431 | D:2      | Reached XP level 5. HP: 19/28 MP: 6/6
  1461 | D:2      | Noticed Natasha
  1470 | D:2      | Killed Natasha
  1570 | D:2      | Noticed Natasha
  1583 | D:2      | Killed Natasha
  1583 | D:2      | Reached skill level 1 in Short Blades
  1885 | D:3      | Found a deep blue altar of Sif Muna.
  1934 | D:3      | Found a hide-covered altar of Uskayaw.
  2050 | D:3      | Found a basalt altar of Yredelemnul.
  2061 | D:3      | Reached XP level 6. HP: 30/32 MP: 7/7
  2328 | D:3      | HP: 1/32 [gnoll/+0 spear (5)]
  2608 | D:3      | Found a burning altar of Makhleb.
  2625 | D:3      | Became a worshipper of Makhleb the Destroyer
  2634 | D:3      | Found a snail-covered altar of Cheibriados.
  3120 | D:4      | Killed from afar by an orc priest

Skill      XL: |  1  2  3  4  5  6 |
---------------+-------------------+-----
Fighting       | 3 |  3.7
Shields        | 3 |  3.9
Armour         | 3 |  3.6
Long Blades    | 2 |  2.1
Dodging        | 1 2 |  2.0
Short Blades   | 1 2 |  2.1
Stealth        | |  0.6

Action                   |  1- 3 |  4- 6 || total
-------------------------+-------+-------++-------
Melee: Long sword        |    57 |       ||    57
       Bite              |    32 |    63 ||    95
       Short sword       |    32 |    62 ||    94
       Dagger            |       |   145 ||   145
  Use: Potion            |     4 |     1 ||     5
       Scroll            |     2 |     3 ||     5
  Eat: Ration            |     1 |     2 ||     3
Armor: Scale mail        |    54 |    10 ||    64
       Animal skin       |       |    36 ||    36
Dodge: Dodged            |    29 |    56 ||    85
Block: Shield            |    54 |    85 ||   139
       Rpst.: Long sword |    10 |       ||    10
